 Dungeon Crawl Stone Soup version 0.30.0-30-g96aa6591b8 (webtiles) character file.

Game seed: 9284603301748464064

45 Chiseanne the Sneak (level 3, 0/26 HPs)
             Began as an Octopode Delver on June 28, 2023.
             Splashed by a jelly's acid (7 damage)
             ... on level 7 of the Dungeon.
             The game lasted 00:01:22 (335 turns).

Chiseanne the Sneak (Octopode Delver)                Turns: 335, Time: 00:01:23

Health: 0/26       AC: -7    Str: 11    XL:     3   Next: 64%
Magic:  3/3        EV: 14    Int: 12    God:
Gold:   38         SH:  0    Dex: 15    Spells: 2/2 levels left

rFire   . . .        a - +0 short sword
rCold   . . .        (no shield)
rNeg    . . .        (helmet restricted)
rPois   .            (no amulet)
rElec   .            j - ring of wizardry
rCorr   .            (no ring)
SInv    .            (no ring)
Will    .....        (no ring)
Stlth   +++++        (no ring)
HPRegen 0.24/turn    (no ring)
MPRegen 0.08/turn    (no ring)
                     (no ring)

%: wizardry (x1)
@: corroded
A: almost no armour, amphibious, 8 rings, camouflage 1, gelatinous body 1,
(nimble swimmer 1), tentacles
a: no special abilities


You were on level 7 of the Dungeon.
You visited 2 branches of the dungeon, and saw 4 of its levels.

You collected 38 gold pieces.

Inventory:

Hand Weapons
 a - a +0 short sword (weapon)
Jewellery
 j - a ring of wizardry (left tentacle)
Wands
 f - a wand of digging (3)
Scrolls
 b - a scroll of fog
 d - a scroll of fear
 h - a scroll of teleportation {unknown}
 i - a scroll of identify {unknown}
Potions
 c - 2 potions of lignification {unknown}
 e - a potion of haste
 g - a potion of invisibility {unknown}


   Skills:
 * Level 3.5 Fighting
 - Level 2.0 Short Blades
 * Level 2.7 Dodging
 * Level 7.2 Stealth


You had 2 spell levels left.
You didn't know any spells.
Your spell library was empty.

Dungeon Overview and Level Annotations

Branches:
Dungeon (7/15)             Temple (1/1) D:7

Altars:
Ashenzari
Dithmenos
Gozag
Hepliaklqana
Kikubaaqudgha
Makhleb
Nemelex Xobeh
Qazlal
Sif Muna
Trog
Uskayaw
Vehumet
Wu Jian
Xom
Yredelemnul
Zin


Innate Abilities, Weirdness & Mutations

You cannot wear most types of armour.
You are amphibious.
You can wear up to eight rings at the same time.
Your skin changes colour to match your surroundings (Stealth+).
Your rubbery body absorbs attacks. (AC +1, EV +1)
((You are camouflaged when in or above water. (Stealth+)))
You have tentacles for arms and can constrict up to eight enemies at once.


Message History

You kill the orc wizard!
Your Stealth skill increases to level 7!
You have reached level 3!
Your experience leads to an increase in your attributes!
Increase (s)trength, (i)ntelligence, or (d)exterity?
You feel agile. x2
You see here 13 gold pieces.
The helpless orc fails to defend itself.
You impale the orc!!
You kill the orc!
You now have 38 gold pieces (gained 13).
The jelly quivers.
You see here a +0 club.
Things that are here:
a +0 dagger; a +0 robe; an orc corpse The helpless orc fails to defend itself.
You impale the orc!!
You kill the orc!
Things that are here:
a +0 hand axe; a +0 chain mail; an orc corpse
Aiming: Dig
Press: ? - help, Shift-Dir - straight line, f - you Please select a direction to dig.
Okay, then.
Unknown command.
You hit the jelly. The acid corrodes you!
Your tentacles burn!
The jelly is lightly wounded.
The jelly hits you.
You are splashed with acid!
You hit the jelly but do no damage.
Your tentacles burn!
You squeeze the jelly!
The jelly is heavily wounded.
You hit the jelly.
Your tentacles burn!
You squeeze the jelly, but do no damage.
The jelly is almost dead.
The jelly closely misses you.
You barely miss the jelly. You squeeze the jelly.
The jelly is almost dead.
The jelly hits you.
* * * LOW HITPOINT WARNING * * *
The acid corrodes you!
You are splashed with acid!
You die...

##.#..#.#...,,**........,,,,,,,,,
...#......#.####...J....,,,,,,,,,
........###.#:..,.......,,,,,,,,,
≈≈.............**$......,,,,,,,,,
≈≈≈≈.....###..###)...^..,,,,,,,,,
≈≈≈≈≈≈...# #.....#******,,,,,,,,,
.≈≈≈≈≈≈..# #.###)# *,,,,,,,,,
.≈≈≈≈≈≈..# #.# #J# **********
.≈≈≈≈≈≈..###.# #@#
≈~~≈≈≈≈..##..###.##
≈≈~~≈≈.....>...#.)#
≈≈≈≈.....#####.#..# ≈≈......##
*.##.# ........# *,...# ......###
**#### #######


You could see a jelly.

Vanquished Creatures
  An orc wizard (D:7)
  A gnoll (D:5)
  A dart slug (D:5)
  4 orcs
7 creatures vanquished.

Notes
Turn   | Place    | Note
-------+----------+-------------------------------------------
     0 | D:5      | Chiseanne the Octopode Delver began the quest for the Orb.
     0 | D:5      | Reached XP level 1. HP: 16/16 MP: 1/1
    63 | D:5      | Noticed a gnoll bouda
    77 | D:5      | Reached XP level 2. HP: 12/21 MP: 2/2
   181 | D:7      | Found a staircase to the Ecumenical Temple.
   188 | D:7      | Noticed an ice beast
   190 | Temple   | Entered the Ecumenical Temple
   321 | D:7      | Reached skill level 7 in Stealth
   321 | D:7      | Reached XP level 3. HP: 26/26 MP: 3/3
   335 | D:7      | Splashed by a jelly's acid

Illustrated notes

Levels and vault maps discovered:
D:5:      minmay_goblin_kobold_castle, layout_basic
D:6:      layout_cave_pools, serial_shops, nicolae_shop_bloodbath_and_beyond
D:7:      layout_basic, temple_pool_b
Temple:   lightli_temple_of_artemis

Skill      XL: |  1  2 |
---------------+-------+-----
Stealth        | 7 |  7.2
Fighting       | |  3.5
Short Blades   | |  2.0
Dodging        | |  2.7

Action                     || total
---------------------------++-------
  Melee: Short sword       ||    13
         Tentacles         ||     4
         Constrict         ||     1
    Use: Scroll            ||     1
   Stab: Sleeping          ||     6
  Dodge: Dodged            ||     2
